 Dungeon Crawl Stone Soup version 0.31-a0-165-g3f4f80340b (webtiles) character file.

Game seed: 8229551382138519234

102 qw the Shooter (level 4, -1/28 HPs)
             Began as a Gargoyle Hunter on June 13, 2023.
             Slain by an orc
             ... wielding a +0 flail
              (2 damage)
             ... on level 3 of the Dungeon.
             The game lasted 00:00:38 (2103 turns).

qw the Shooter (Gargoyle Hunter)                    Turns: 2103, Time: 00:00:38

Health: -1/28      AC: 11    Str: 14    XL:     4   Next: 77%
Magic:  4/4        EV: 12    Int: 10    God:
Gold:   128        SH:  0    Dex: 15    Spells: 3/3 levels left

rFire   + . .        Y - +0 shortbow
rCold   + . .        (shield currently unavailable)
rNeg    + . .        e - +2 robe {rC+ rF+}
rPois   inf          (no helmet)
rElec   +            d - +0 cloak
rCorr   +            c - +0 pair of gloves
SInv    .            g - +1 pair of boots
Will    .....        (no amulet)
Stlth   ++           f - ring of resist corrosion
HPRegen 0.24/turn    (no ring)
MPRegen 0.09/turn

%: no passive effects
@: no status effects
A: sickness immunity, AC +3, negative energy resistance 1, electricity
resistance, torment resistance 1, petrification resistance
a: no special abilities


You were on level 3 of the Dungeon.
You visited 1 branch of the dungeon, and saw 3 of its levels.

You collected 128 gold pieces.


Innate Abilities, Weirdness & Mutations

You are immune to sickness and miasma.
Your stone body is resilient. (AC +3)
You are immune to poison.
You resist negative energy. (rN+)
You are resistant to electric shocks. (rElec)
You are resistant to unholy torment.
You are immune to petrification.


   Skills:
 - Level 3.0 Fighting
 + Level 5.5 Ranged Weapons
 - Level 1.0 Armour
 - Level 1.5 Dodging
 - Level 1.1 Stealth


You had 3 spell levels left.
You didn't know any spells.
Your spell library was empty.

Inventory:

Hand Weapons
 Y - a +0 shortbow (weapon)
Armour
 c - a +0 pair of gloves (worn)
 d - a +0 cloak (worn)
 e - a +2 robe of resistance (worn)
 g - a +1 pair of boots (worn)
 j - a +1 ring mail of poison resistance
Jewellery
 f - a ring of resist corrosion (left hand)
Scrolls
 a - 2 scrolls of revelation {unknown}
 b - a scroll of identify
 o - a scroll of teleportation {unknown}
Potions
 h - a potion of haste
 i - a potion of curing {unknown}
 k - a potion of brilliance {unknown}
 l - a potion of resistance {unknown}
 m - a potion of cancellation {unknown}
 n - a potion of heal wounds {unknown}

Dungeon Overview and Level Annotations

Branches:
Dungeon (3/15)

Altars:

Annotations:
D:2 1 runed translucent door, Crazy Yiuf
D:3 Grinder


Message History

Grinder is moderately wounded.
Grinder barely misses you. The orc hits you with a +0 flail.
The orc closely misses you. Grinder gestures at you.
You resist with significant effort. The orc hits you but does no damage.
The orc closely misses you.
You shoot an arrow. The arrow hits Grinder.
Grinder is moderately wounded.
Grinder hits you but does no damage. The orc hits you with a +0 flail.
The orc barely misses you.
You shoot an arrow. The arrow closely misses Grinder.
The arrow barely misses the ogre.
Grinder hits you.
You writhe in agony.
The orc hits you but does no damage.
The orc hits you with a +3 dagger of freezing.
You shoot an arrow. The arrow hits Grinder!
Grinder is heavily wounded.
Grinder hits you but does no damage. The orc hits you with a +0 flail.
The orc hits you but does no damage.
You shoot an arrow.
The arrow hits Grinder but does no damage.
Grinder is heavily wounded.
Grinder completely misses you. The orc barely misses you.
The orc hits you with a +3 dagger of freezing.
The orc freezes you.
You shoot an arrow. The arrow closely misses Grinder.
The arrow hits the ogre.
The ogre is moderately wounded.
Grinder barely misses you. The orc barely misses you.
The orc hits you with a +3 dagger of freezing.
You shoot an arrow. The arrow hits Grinder.
Grinder is severely wounded.
Grinder closely misses you. The orc misses you. The orc barely misses you.
You shoot an arrow. The arrow barely misses Grinder.
The arrow closely misses the ogre.
Grinder gestures at you. Pain shoots through your body!
The orc barely misses you. The orc completely misses you.
You shoot an arrow. The arrow closely misses Grinder.
The arrow barely misses the ogre.
Grinder closely misses you. The orc hits you with a +0 flail.
You die...

### ###.5 ...
#.... ##
##.... #
....o .. ###
.... #.. ...
#.. ..# ##.
##'##### #..
... #.O5@..##
#.# ###
#..oo...###.#
#..
#.........#.#
#.#
#....:.##...#
#.#
##########..#
#.#
##>#######.#
###.#.......#
#...#.#######
#.###.#


You could see Grinder, an ogre and 2 orcs.

Vanquished Creatures
  An orc priest (D:3)
  2 adders
  3 orcs (D:3)
  6 ball pythons
  5 endoplasms
  5 giant cockroaches
  6 goblins
  3 hobgoblins
  A quokka (D:1)
  4 bats (D:2)
  A frilled lizard (D:3)
  3 kobolds
  6 rats
46 creatures vanquished.

Notes
Turn   | Place    | Note
-------+----------+-------------------------------------------
     0 | D:1      | qw the Gargoyle Hunter began the quest for the Orb.
     0 | D:1      | Reached XP level 1. HP: 12/12 MP: 1/1
     0 | D:1      | 0 ||| qw: Version: 0.2-a-29-gc1b59c4
     0 | D:1      | 0 ||| qw: Game counter: 4749
     0 | D:1      | 0 ||| qw: Always use a shield: true
     0 | D:1      | 0 ||| qw: God list: Okawaru
     0 | D:1      | 0 ||| qw: Allow faded altars: false
     0 | D:1      | 0 ||| qw: Do Orc after D:15 true
     0 | D:1      | 0 ||| qw: Do second Lair branch before Depths: true
     0 | D:1      | 0 ||| qw: Lair rune preference: random
     0 | D:1      | 0 ||| qw: Plans: Normal, Zot:1-4, Slime:5, God:TSO, Crypt,
                  | Tomb, Abyss, Pan, Hells, Win
     0 | D:1      | 0 ||| PLANNING D:1-11
   352 | D:1      | Reached XP level 2. HP: 16/17 MP: 2/2
   790 | D:1      | 790 ||| UPGRADING to +0 cloak.
   795 | D:1      | 795 ||| UPGRADING to +2 robe of resistance.
   805 | D:1      | 805 ||| DROPPING +0 leather armour.
   806 | D:1      | 806 ||| UPGRADING to +1 pair of boots.
   811 | D:1      | 811 ||| UPGRADING to ring of resist corrosion.
   812 | D:1      | 812 ||| DROPPING scroll of butterflies.
   894 | D:2      | 894 ||| STAIRDANCE
   898 | D:1      | Reached XP level 3. HP: 18/21 MP: 3/3
   918 | D:2      | Found a faded altar of an unknown god.
   937 | D:2      | Reached skill level 5 in Ranged Weapons
  1416 | D:2      | Reached skill level 3 in Fighting
  1655 | D:2      | Found a runed translucent door.
  1656 | D:2      | Noticed Crazy Yiuf
  1753 | D:2      | Reached XP level 4. HP: 28/28 MP: 4/4
  1858 | D:2      | 1858 ||| UPGRADING to +0 pair of gloves.
  1863 | D:2      | 1863 ||| READING scroll labelled HOQASTR XOEPT.
  1864 | D:2      | 1864 ||| READING scroll labelled FYANAM PUFEHA.
  1922 | D:3      | Reached skill level 1 in Armour
  2077 | D:3      | Noticed Grinder
  2078 | D:3      | 2078 ||| Stepping ~*~*~tactically~*~*~ (outnumbered).
  2087 | D:3      | Noticed an ogre
  2099 | D:3      | HP: 7/28 [orc/+3 dagger of freezing (1)]
  2102 | D:3      | HP: 1/28 [Grinder/nerve-wracking pain (5)]
  2103 | D:3      | Slain by an orc

Levels and vault maps discovered:
D:1:      wheals_arrival_linesprint, layout_basic
D:2:      layout_loops_corners, basic_ecumenical_altar, st_stairs_7,
          uniq_crazy_yiuf_cottage
D:3:      layout_basic, minmay_quantized, uniq_grinder, uniq_ijyb

Skill      XL: |  1  2  3  4 |
---------------+-------------+-----
Ranged Weapons | 5 |  5.5
Fighting       | 3 |  3.0
Armour         | 1 |  1.0
Dodging        | |  1.5
Stealth        | |  1.1

Action                     |  1- 3 |  4- 6 || total
---------------------------+-------+-------++-------
   Fire: Shortbow          |   100 |    43 ||   143
    Use: Scroll            |       |     2 ||     2
 Armour: Leather armour    |     7 |       ||     7
         Robe              |    15 |    17 ||    32
  Dodge: Dodged            |    24 |    33 ||    57

Table legend:
 A = Non-vault XP
 B = Vault XP
 C = Vault XP percentage of total XP
 D = Non-vault monster count
 E = Vault monster count
 F = Vault count percentage of total count
                 A         B        C        D         E       F
            +---------+---------+-------+---------+---------+-------
      Total |     145 |       1 |   0.7 |      45 |       1 |   2.2
            +---------+---------+-------+---------+---------+-------
        D:1 |      36 |       0 |   0.0 |      14 |       0 |   0.0
        D:2 |      45 |       1 |   2.2 |      20 |       1 |   4.8
        D:3 |      64 |       0 |   0.0 |      11 |       0 |   0.0
            +---------+---------+-------+---------+---------+-------
